 Dungeon Crawl Stone Soup version 0.29.0-4-gdea44cf6ec (webtiles) character file.

Game seed: 6048314963964899794

451 qw the Cleaver (level 7, -8/54 HPs)
             Began as a Barachi Chaos Knight on Sept 4, 2022.
             Mangled by a culicivora (shapeshifter) (9 damage)
             ... summoned by Xom
             ... on level 2 of the Dungeon.
             The game lasted 00:00:53 (1831 turns).

qw the Cleaver (Barachi Chaos Knight)               Turns: 1831, Time: 00:00:53

Health: -8/54      AC:  6    Str: 15    XL:     7   Next: 4%
Magic:  7/7        EV: 10    Int:  8    God:
Gold:   60         SH:  0    Dex: 12    Spells: 6/6 levels left

rFire   . . .      SeeInvis .   Y - +0 hand axe (chaos)
rCold   . . .      Faith    .   (no shield)
rNeg    . . .      Spirit   .   k - +0 ring mail
rPois   .          Reflect  .   (no helmet)
rElec   .          Harm     .   (no cloak)
rCorr   .          Rampage  .   h - +0 pair of gloves
Will    .....                   (no boots)
Stlth   +.........              e - amulet of the acrobat
HPRegen 0.18/turn               (no ring)
MPRegen 0.10/turn               (no ring)

@: slow
A: amphibious, slowness 1, strong legs 1, +LOS, dopey 2
a: Hop


You were on level 2 of the Dungeon.
You visited 1 branch of the dungeon, and saw 2 of its levels.

You collected 60 gold pieces.


Innate Abilities, Weirdness & Mutations

You are amphibious.
You cover ground slowly.
You can hop short distances.
You have an extended range of vision and can be seen from far away.
You are very dopey. (Int -4)


   Skills:
 - Level 4.0 Fighting
 - Level 8.3 Axes
 - Level 2.4 Armour
 + Level 1.1 Dodging


You had 6 spell levels left.
You didn't know any spells.
Your spell library was empty.

Inventory:

Hand Weapons
 i - a +0 flail
 Y - a +0 hand axe of chaos (weapon)
Armour
 h - a +0 pair of gloves (worn)
 k - a +0 ring mail (worn)
Jewellery
 e - an amulet of the acrobat (around neck)
Scrolls
 g - a scroll of enchant weapon {unknown}
Potions
 a - 4 potions of curing {unknown}
 b - a potion of resistance {unknown}
 d - a potion of heal wounds {unknown}
 f - a potion of brilliance {unknown}
 j - a potion of mutation {unknown}
Miscellaneous
 c - a piece from Xom's chessboard (15/15)

Dungeon Overview and Level Annotations

Branches:
Dungeon (2/15)

Altars:

Shops:
D:1 ?


Message History

You now have 45 gold pieces (gained 10).
Found a pair of gloves.
Enter note: You now have 53 gold pieces (gained 8).
j - a fizzy purple potion You now have 60 gold pieces (gained 7).
You hear Xom's maniacal laughter.
A ball python comes into view.
You hit the dart slug but do no damage.
The dart slug changes into a shapeshifter!
You punch the shapeshifter, but do no damage.
You hit the shapeshifter. You freeze the shapeshifter.
The shapeshifter is lightly wounded.
The shapeshifter changes into a culicivora!
You miss the culicivora. You hit the ball python. You freeze the ball python.
The ball python bites you but does no damage.
The ball python grabs you. The ball python constricts you.
The culicivora bites you!!
The culicivora draws strength from your injuries!
You hit the ball python.
You kill the ball python!
The ball python's corpse disappears in a puff of smoke!
You closely miss the culicivora. The culicivora bites you!
The culicivora draws strength from your injuries!
You hit the culicivora but do no damage.
The culicivora is poisoned.
The culicivora bites you!
The culicivora draws strength from your injuries!
You barely miss the culicivora. The culicivora barely misses you. x2
You closely miss the culicivora.
The culicivora is lightly wounded.
The culicivora bites you but does no damage.
You barely miss the culicivora.
The culicivora is lightly wounded.
The culicivora bites you!
The culicivora draws strength from your injuries!
The culicivora bites you!
You die...

#...######.#.###.#
#...# #.#.# #.#
#.).# #.#.# #.#
...## #.#.# #.#
#..# #...# #.#
#..# .[# #.# #..#
.. #.# #..# #..
#.# .[.####### #@#
.......... #s#
...####.# #.# #.##
#.# #.#####.## #.#
#........# #.#
#.#####.... ..#
#.# # ###
#%#####.#


You could see a culicivora shaped shifter (summoned, very poisoned).

Vanquished Creatures
  A moth of wrath (shapeshifter) (D:2)
  Terence (D:2)
  4 adders (D:2)
  2 bats
  3 endoplasms
  A giant cockroach (D:2)
  4 goblins
  5 hobgoblins
  6 kobolds
  A quokka (D:1)
  10 ball pythons
  A frilled lizard (D:1)
  3 rats
42 creatures vanquished.

Notes
Turn   | Place    | Note
-------+----------+-------------------------------------------
     0 | D:1      | qw the Barachi Chaos Knight began the quest for the Orb.
     0 | D:1      | Reached XP level 1. HP: 18/18 MP: 1/1
     0 | D:1      | 0 ||| qw: Version: 0.1-a-103-gd6f5d3a
     0 | D:1      | 0 ||| qw: Game counter: 5602
     0 | D:1      | 0 ||| qw: Always use a shield: true
     0 | D:1      | 0 ||| qw: God list: Okawaru
     0 | D:1      | 0 ||| qw: Allow faded altars: false
     0 | D:1      | 0 ||| qw: Do Orc after D:15 true
     0 | D:1      | 0 ||| qw: Do second Lair branch before Depths: true
     0 | D:1      | 0 ||| qw: Lair rune preference: random
     0 | D:1      | 0 ||| qw: Plans: Normal
     0 | D:1      | 0 ||| PLANNING D:1-11
     0 | D:1      | Fell from the grace of Xom
    88 | D:1      | Found Kybiucs's Magic Scroll Shop.
   113 | D:1      | 113 ||| SHOPLISTING scroll of enchant armour (90 gold, have
                  | 9).
   113 | D:1      | 113 ||| SHOPLISTING scroll of identify (24 gold, have 9).
   389 | D:1      | Reached XP level 2. HP: 24/24 MP: 2/2
   413 | D:1      | Reached skill level 4 in Axes
   567 | D:1      | 567 ||| Stepping ~*~*~tactically~*~*~ (stealth).
   569 | D:1      | 569 ||| Stepping ~*~*~tactically~*~*~ (stealth).
   911 | D:1      | 911 ||| UPGRADING to +0 pair of gloves.
   916 | D:1      | 916 ||| UPGRADING to +0 ring mail.
   926 | D:1      | 926 ||| DROPPING +2 leather armour.
   927 | D:1      | 927 ||| UPGRADING to amulet of the acrobat.
   932 | D:1      | 932 ||| READING scroll labelled UQULEI BAMUIL.
   933 | D:1      | 933 ||| READING scroll labelled ODUSUM FAT BEL.
   936 | D:1      | 936 ||| READING scroll labelled XOKKOA IRUS.
   937 | D:1      | 937 ||| READING scroll labelled OTOSETOKLEUF.
  1086 | D:2      | Reached XP level 3. HP: 26/29 MP: 3/3
  1086 | D:2      | 1086 ||| STAIRDANCE
  1159 | D:2      | Reached skill level 5 in Axes
  1204 | D:2      | 1204 ||| Stepping ~*~*~tactically~*~*~ (stealth).
  1255 | D:2      | 1255 ||| Stepping ~*~*~tactically~*~*~ (stealth).
  1260 | D:2      | Reached XP level 4. HP: 34/36 MP: 4/4
  1286 | D:2      | 1286 ||| Stepping ~*~*~tactically~*~*~ (stealth).
  1287 | D:2      | 1287 ||| Stepping ~*~*~tactically~*~*~ (stealth).
  1289 | D:2      | 1289 ||| Stepping ~*~*~tactically~*~*~ (stealth).
  1346 | D:2      | Noticed a glowing shapeshifter
  1346 | D:2      | an adder changed into a glowing shapeshifter
  1346 | D:2      | Noticed a shining eye
  1346 | D:2      | a glowing shapeshifter changed into a shining eye
  1350 | D:2      | Gained mutation: You are dopey. (Int -2) [a shining eye]
  1352 | D:2      | Noticed a water nymph
  1352 | D:2      | a shining eye changed into a water nymph
  1357 | D:2      | Noticed a moth of wrath
  1361 | D:2      | HP: 13/54 [moth of wrath (glowing shapeshifter) (8)]
  1362 | D:2      | Killed a moth of wrath
  1363 | D:2      | Reached skill level 8 in Axes
  1363 | D:2      | Reached XP level 5. HP: 15/41 MP: 5/5
  1363 | D:2      | Reached XP level 6. HP: 17/47 MP: 6/6
  1560 | D:2      | 1560 ||| Stepping ~*~*~tactically~*~*~ (stealth).
  1679 | D:2      | XOM: give mutation
  1679 | D:2      | Gained mutation: You are very dopey. (Int -4) [Xom's
                  | mischief]
  1713 | D:2      | Noticed Terence
  1718 | D:2      | 1718 ||| Stepping ~*~*~tactically~*~*~ (stealth).
  1724 | D:2      | Killed Terence
  1725 | D:2      | Reached XP level 7. HP: 43/54 MP: 7/7
  1823 | D:2      | XOM: summons 2 hostile shadow creatures
  1824 | D:2      | Noticed a shapeshifter
  1824 | D:2      | a dart slug changed into a shapeshifter
  1825 | D:2      | Noticed a culicivora
  1825 | D:2      | a shapeshifter changed into a culicivora
  1828 | D:2      | HP: 7/54 [culicivora (shapeshifter)[Xom] (8)]
  1831 | D:2      | HP: 1/54 [culicivora (shapeshifter)[Xom] (7)]
  1831 | D:2      | Mangled by a culicivora (shapeshifter)

Levels and vault maps discovered:
D:1:      tarquinn_simple_flora_water_e, layout_rooms, serial_shops, shop
D:2:      layout_loops_ring, uniq_terence

Skill      XL: |  1  2  3  4  5  6 |
---------------+-------------------+-----
Axes           | 4 5 8 |  8.3
Fighting       | 4 |  4.0
Armour         | |  2.4
Dodging        | |  1.1

Action                   |  1- 3 |  4- 6 |  7- 9 || total
-------------------------+-------+-------+-------++-------
Melee: Hand axe          |    94 |    45 |    12 ||   151
       Punch             |       |       |     2 ||     2
Invok: Renounce Religion |     1 |       |       ||     1
  Use: Scroll            |     4 |       |       ||     4
 Stab: Paralysed         |     1 |       |       ||     1
Armor: Leather armour    |    28 |       |       ||    28
       Ring mail         |    10 |     4 |     4 ||    18
Dodge: Dodged            |    36 |    15 |     3 ||    54

Table legend:
 A = Non-vault XP
 B = Vault XP
 C = Vault XP percentage of total XP
 D = Non-vault monster count
 E = Vault monster count
 F = Vault count percentage of total count
                 A         B        C        D         E       F
            +---------+---------+-------+---------+---------+-------
      Total |     609 |      36 |   5.6 |      41 |       1 |   2.4
            +---------+---------+-------+---------+---------+-------
        D:1 |      32 |       0 |   0.0 |      21 |       0 |   0.0
        D:2 |     577 |      36 |   5.9 |      20 |       1 |   4.8
            +---------+---------+-------+---------+---------+-------
